 Dungeon Crawl Stone Soup version 0.23-a0-33-g1e3a2e4e2f (webtiles) character file.

39 Bapho the Slasher (level 3, -1/29 HPs)
             Began as a Demonspawn Chaos Knight on Aug 4, 2018.
             Killed by nerve-wracking pain
             ... invoked by an orc priest
              (14 damage)
             ... on level 3 of the Dungeon on Aug 5, 2018.
             The game lasted 00:03:22 (2310 turns).

Bapho the Slasher (Demonspawn Chaos Knight)         Turns: 2310, Time: 00:03:23

Health: -1/29      AC: 11    Str: 12    XL:     3   Next: 28%
Magic:  3/3        EV:  5    Int: 13    God:    Xom [.*....]
Gold:   134        SH:  0    Dex: 13    Spells: 2/2 levels left

rFire    . . .     SeeInvis .   a - +0 falchion (chaos)
rCold    . . .     Gourm    .   (no shield)
rNeg     . . .     Faith    .   p - +2 chain mail {rPois}
rPois    +         Spirit   .   (no helmet)
rElec    .         Reflect  .   (no cloak)
rCorr    .         Harm     .   e - +0 pair of gloves
MR       .....                  (no boots)
Stlth    ..........             (no amulet)
HPRegen  0.09/turn              (no ring)
MPRegen  0.08/turn              (no ring)

@: no status effects
A: hooves 1, rot immunity
a: Renounce Religion


You were on level 3 of the Dungeon.
You worshipped Xom.
You were a plaything of Xom.
You were not hungry.

You visited 1 branch of the dungeon, and saw 3 of its levels.

You collected 134 gold pieces.

Inventory:

Hand Weapons
 a - a +0 falchion of chaos (weapon)
Missiles
 f - 64 stones (quivered)
Armour
 b - a +2 leather armour
 d - a +0 ring mail
 e - a +0 pair of gloves (worn)
 o - a +0 plate armour
 p - a +2 chain mail of poison resistance (worn)
Scrolls
 g - 2 scrolls of remove curse
 k - a scroll of identify {unknown}
 l - a scroll of teleportation {unknown}
 m - a scroll of enchant armour {unknown}
 q - a scroll of fog {unknown}
Potions
 h - a potion of haste {unknown}
 i - 2 potions of curing {unknown}
 j - a potion of heal wounds {unknown}
Comestibles
 c - 5 rations
 n - 2 chunks of flesh


   Skills:
 - Level 3.2 Fighting
 * Level 3.3 Long Blades
 - Level 2.1 Armour
 - Level 1.4 Dodging


You had 2 spell levels left.
You didn't know any spells.
Your spell library was empty.

Dungeon Overview and Level Annotations

Branches:
Dungeon (3/15)

Altars:


Innate Abilities, Weirdness & Mutations

You have large cloven feet.
You are immune to rotting.


Message History

An orc comes into view.
The orc shouts!
The orc priest calls down the wrath of Beogh upon you.
Beogh smites you!
Ouch! That really hurt!
A shower of butterflies erupts from you!
An orc comes into view.
The orc shouts!
An orc priest comes into view. It is wielding a club.
The orc wizard hits you but does no damage.
The orc priest hits you but does no damage.
The orc wizard casts a spell at you. You resist with significant effort.
The orc throws a tomahawk.
The tomahawk hits you but does no damage.
You see here a tomahawk.
You hit the orc priest but do no damage.
The orc priest invokes the aid of Beogh against you.
Pain shoots through your body!
You die...
Xom guffaws!

#..# #########..
######..##.........
...............#
......##.......#
.(((((..#......#
......#.w..b.b.## .
##### ###....b..##
#[.
#.ooo..o.####....
###@..........>.#
##o.###.....#.
##..#......##
####......##..#
#....<..### #..#
#..#...## #.# #..
#.#.# .# # #.#.# .
#.#.# .


You could see a worm, 2 orc priests, an orc wizard and 2 orcs.

Vanquished Creatures
  An adder (D:2)
  An ooze (D:2)
  A dart slug (D:1)
  A leopard gecko (D:2)
  A giant cockroach (D:2)
  2 kobolds
  A ball python (D:1)
  2 bats
  2 frilled lizards (D:2)
  8 goblins
  5 rats
25 creatures vanquished.

Notes
Turn   | Place    | Note
-------+----------+-------------------------------------------
     0 | D:1      | Bapho the Demonspawn Chaos Knight began the quest for the Orb.
     0 | D:1      | Reached XP level 1. HP: 18/18 MP: 1/1
     3 | D:1      | Noticed an electric eel
     3 | D:1      | Noticed an electric eel
   141 | D:1      | Reached skill level 1 in Dodging
   172 | D:1      | XOM: harmless Pois miscast
   730 | D:1      | Gained mutation: You are immune to rotting. [demonic ancestry]
   730 | D:1      | Reached XP level 2. HP: 11/24 MP: 2/2
  1508 | D:2      | XOM: mild Hex miscast
  1521 | D:2      | Gained mutation: You have large cloven feet. [demonic ancestry]
  1521 | D:2      | Reached XP level 3. HP: 10/29 MP: 3/3
  1640 | D:2      | XOM: cloud trail
  2305 | D:3      | XOM: divination: detect items
  2306 | D:3      | XOM: butterfly on damage
  2310 | D:3      | Killed from afar by an orc priest

Vault maps used:
D:1:      arrival_aquarium_b, serial_bayou_pond_e
D:3:      gammafunk_temple_overflow_pools, first_ration

Skill      XL: |  1  2 |
---------------+-------+-----
Dodging        | 1 |  1.4
Armour         | 2 |  2.1
Long Blades    | 3 |  3.3
Fighting       | |  3.2

Action                   || total
-------------------------++-------
Melee: Falchion          ||    46
       Kick              ||     2
Throw: Stone             ||    77
  Use: Potion            ||     2
       Scroll            ||     1
  Eat: Chunk             ||     4
Armor: Leather armour    ||     9
       Chain mail        ||     3
Dodge: Dodged            ||    32
       Rpst.: Falchion   ||     8

Table legend:
 A = Spawn XP
 B = Non-spawn XP
 C = Spawn XP percentage of total XP
 D = Spawn monster count
 E = Non-spawn monster count
 F = Spawn count percentage of total count
 G = Total turns spent on level
                    A         B        C        D         E        F      G
               +---------+---------+-------+---------+---------+-------+---------
         Total |       0 |      57 |   0.0 |       0 |      25 |   0.0 |  2310
               +---------+---------+-------+---------+---------+-------+---------
           D:1 |       0 |      13 |   0.0 |       0 |       8 |   0.0 |  1315
           D:2 |       0 |      44 |   0.0 |       0 |      17 |   0.0 |   963
               +---------+---------+-------+---------+---------+-------+---------
